 Dungeon Sprint DCSS version 0.27-a0-223-ge082b6e869 (webtiles) character file.

Game seed: 4900207890342693420

2449 sahdkjhfkaj the Carver (level 9, -2/105 HPs)
             Began as a Naga Monk on Feb 1, 2021.
             Was the Champion of Cheibriados.
             Slain by a troll (8 damage)
             ... in the Dungeon (Sprint V: "Ziggurat Sprint").
             The game lasted 00:01:18 (624 turns).

sahdkjhfkaj the Carver (Naga Monk)                   Turns: 624, Time: 00:01:18

Health: -2/105     AC: 23    Str: 28    XL:     9   Next: 49%
Magic:  9/9        EV:  0    Int: 28    God:    Cheibriados [******]
Gold:   0          SH: 28    Dex: 30    Spells: 8/8 levels left

rFire    . . .     SeeInvis +   a - +7 Screaming Sword {vorpal, sonic wave}
rCold    . . .     Faith    .   A - +18 shield of the Gong {rElec rN+ Will+ EV-5}
rNeg     + . .     Spirit   .   z - +15 Maxwell's patent armour {-Cast -Tele rElec Will+ rCorr}
rPois    +         Reflect  .   (no helmet)
rElec    +         Harm     .   (no cloak)
rCorr    +         Rampage  .   (no gloves)
Will     +++..     NoTele   +   (no barding) Stlth ..........NoCast +
                                (no amulet)
HPRegen  0.27/turn              (no ring)
MPRegen  0.11/turn              (no ring)

@: very slow
A: large, see invisible, deformed body, poison resistance, slowness 2, spit
poison 1, AC +3
a: Spit Poison, Renounce Religion, Bend Time, Temporal Distortion, Slouch, Step
From Time


You were in the Dungeon.
You worshipped Cheibriados.
Cheibriados was exalted by your worship.
You visited 1 branch

Inventory:

Hand Weapons
 a - the +7 Screaming Sword (weapon) {vorpal, sonic wave}
   (You found it in the Dungeon)

   It inflicts extra damage upon your enemies.
Armour
 z - the +15 Maxwell's patent armour (worn) {-Cast -Tele rElec Will+ rCorr}
   (You found it in the Dungeon)

   It insulates you from electricity.
   It affects your willpower, your defense against some magical effects.
   It prevents spellcasting.
   It prevents most forms of teleportation.
   It provides partial protection from all sources of acid and corrosion.
 A - the +18 shield of the Gong (worn) {rElec rN+ Will+ EV-5}
   (You found it in the Dungeon)

   It affects your evasion (-5).
   It insulates you from electricity.
   It protects you from negative energy.
   It affects your willpower, your defense against some magical effects.
Wands
 d - a wand of iceblast (7)
   (You found it in the Dungeon)
 t - a wand of mindburst (7)
   (You found it in the Dungeon)
 x - a wand of acid (7)
   (You found it in the Dungeon)
Scrolls
 h - 4 scrolls of blinking
 n - 4 scrolls of amnesia
 o - 7 scrolls of fog
 p - 5 scrolls of identify {@r1}
 q - 5 scrolls of remove curse {@r2}
 r - 2 scrolls of fear
 s - a scroll of holy word
 v - 4 scrolls of enchant armour
Potions
 c - 10 potions of curing {@q1}
 e - 6 potions of haste {@q3}
 f - 7 potions of magic
 g - 3 potions of berserk rage
 i - 2 potions of brilliance
 j - 2 potions of invisibility
 k - 4 potions of resistance
 l - a potion of experience
 m - 5 potions of might
 u - 10 potions of heal wounds {@q2}
Miscellaneous
 b - a lightning rod (4/4) {!a}
   (You found it in the Dungeon)


   Skills:
 + Level 14.7 Fighting
 + Level 14.7 Long Blades
 - Level 2.4 Dodging
 - Level 3.0 Stealth


You had 8 spell levels left.
You didn't know any spells.
Your spell library contained the following spells:

 Spells                   Type           Power        Failure   Level
 Magic Dart               Conj           0%           100%        1
 Searing Ray              Conj           0%           100%        2
 Dazzling Flash           Conj/Hex       0%           100%        3
 Fulminant Prism          Conj/Hex       0%           100%        4
 Iskenderun's Mystic Bla  Conj/Tloc      0%           100%        4


Dungeon Overview and Level Annotations

Branches:
Dungeon (1/1)

Altars:
Ashenzari
Cheibriados
Dithmenos
Elyvilon
Fedhas
Gozag
Hepliaklqana
Kikubaaqudgha
Makhleb
Nemelex Xobeh
Okawaru
Qazlal
Ru
Sif Muna
Trog
Uskayaw
Vehumet
Wu Jian
Xom
Yredelemnul
Zin
The Shining One
Beogh
Jiyva
Lugonu

Annotations:
D 1 transporter


Innate Abilities, Weirdness & Mutations

You cannot wear boots.
Your serpentine skin is tough. (AC +3)
You have supernaturally acute eyesight. (SInv)
Armour fits poorly on your strangely shaped body.
Your system is resistant to poisons. (rPois)
You cover ground very slowly.
You can spit poison.


Message History

GONNNNG!
You block the troll's attack.
SHROANNG!
The troll claws you but does no damage.
Unknown command.
Your shield and Maxwell's patent armour prevent you from hitting the two-headed ogre.
You block the two-headed ogre's attack.
BOUMMMMG!
The two-headed ogre hits you with a +0 giant club!
The troll bites you but does no damage. You block the troll's attack.
SHROANNG!
The troll claws you.
The two-headed ogre hits you with a +0 giant club!
You block the two-headed ogre's attack.
GONNNNG!
The troll bites you but does no damage.
The troll claws you but does no damage. x2
Unknown command.
You barely miss the two-headed ogre. You block the two-headed ogre's attack.
BONNNG!
You block the two-headed ogre's attack.
GONNNNG!
You block the troll's attack.
PTOANNNG!
The troll claws you. You block the troll's attack.
BOUMMMMG!
The two-headed ogre hits you with a +0 giant club!!
* * * LOW HITPOINT WARNING * * *
The two-headed ogre hits you with a +0 giant club.
* * * LOW HITPOINT WARNING * * *
The two-headed ogre hits you but does no damage. x2
The troll bites you!
* * * LOW HITPOINT WARNING * * *
The troll claws you but does no damage. The troll completely misses you.
Okay, then.
You cannot blink because you are wearing the +15 Maxwell's patent armour {-Cast -Tele rElec Will+ rCorr}.
You slash the troll! You block the troll's attack.
PANG!
The troll claws you but does no damage. You block the troll's attack.
SHROANNG!
You block the two-headed ogre's attack.
SHROANNG!
You block the two-headed ogre's attack.
GONNNNG!
The two-headed ogre hits you but does no damage.
The two-headed ogre hits you with a +0 giant club!
* * * LOW HITPOINT WARNING * * *
The troll bites you but does no damage. The troll claws you!
* * * LOW HITPOINT WARNING * * *
The troll claws you!
You die...

▓▓▓▓▓▓▓▓▓
▓..8©8..▓
▓..[=:..▓
▓..=)|..▓
▓.......▓
▓.......▓
▓...O...▓
▓..OTT..▓
▓.▓O@O▓.▓
▓...©...▓
▓▓▓▓▓▓▓▓▓


You could see 4 two-headed ogres and 2 trolls.

Vanquished Creatures
  A sixfirhy (D)
  An orc sorcerer (D)
  An ugly thing (D)
  A smoke demon (D)
  A hornet (shapeshifter) (D)
  A naga (D)
  A soldier ant (shapeshifter) (D)
  A water moccasin (D)
  A swamp drake (shapeshifter) (D)
  An eye of draining (shapeshifter) (D)
  2 crimson imps (D)
  2 adders (D)
  3 shadow imps (D)
  A white imp (D)
  2 ufetubi (D)
  2 ball pythons (D)
  2 lurking horrors (D)
24 creatures vanquished.

Notes
Turn   | Place    | Note
-------+----------+-------------------------------------------
     0 | D        | sahdkjhfkaj the Naga Monk began the quest for the Orb.
     0 | D        | Reached XP level 1. HP: 21/21 MP: 1/1
     0 | D        | Found a shimmering blue altar of Sif Muna.
     0 | D        | Found a sacrificial altar of Ru.
     0 | D        | Found a bloodstained altar of Trog.
     0 | D        | Found a stormy altar of Qazlal.
     0 | D        | Found an iron altar of Okawaru.
     0 | D        | Found a sparkling altar of Nemelex Xobeh.
     0 | D        | Found a blossoming altar of Fedhas.
     1 | D        | Found the +6 Majin-Bo {vamp, MP+6 Int+6}
     1 | D        | Found the +9 heavy crossbow "Sniper" {vorpal, Acc+∞ SInv}
     1 | D        | Found the +10 dark maul {vorpal}
     1 | D        | Found the +15 Maxwell's patent armour {-Cast -Tele rElec
                  | Will+ rCorr}
     1 | D        | Found the +18 shield of the Gong {rElec rN+ Will+ EV-5}
     1 | D        | Found the cursed +14 obsidian axe {vorpal, +Fly SInv
                  | *Curse}
     1 | D        | Found the +7 great mace "Firestarter" {inner flame, rF++}
     1 | D        | Found the +6 shillelagh "Devastator" {shatter}
     1 | D        | Found the +11 plutonium sword {*Contam Stlth-}
     1 | D        | Found the +8 lance "Wyrmbane" {slay drac, rPois rF+ rC+
                  | AC+3}
     1 | D        | Found the +9 sword of Zonguldrok {reap}
     1 | D        | Found the cursed +13 scythe of Curses {drain, *Curse}
     1 | D        | Found the +5 sword of Power {vorpal}
     1 | D        | Found the +7 mace of Variability {chain chaos}
     1 | D        | Found the +7 Singing Sword {vorpal, sonic wave}
     1 | D        | Found the +8 storm bow {elec, penet}
     2 | D        | Found a transporter.
     2 | D        | Found an ancient bone altar of Kikubaaqudgha.
     2 | D        | Found a viscous altar of Jiyva.
     2 | D        | Found a corrupted altar of Lugonu.
     2 | D        | Found a hazy altar of Hepliaklqana.
     2 | D        | Found a burning altar of Makhleb.
     2 | D        | Found an opulent altar of Gozag.
    87 | D        | Became a worshipper of Cheibriados the Contemplative
    87 | D        | Reached * piety under Cheibriados
    87 | D        | Reached ** piety under Cheibriados
    95 | D        | Entered arena 2.
    95 | D        | Found a transporter.
    97 | D        | Reached XP level 2. HP: 30/30 MP: 2/2
   104 | D        | Reached *** piety under Cheibriados
   111 | D        | Entered arena 3.
   111 | D        | Found a transporter.
   113 | D        | Reached **** piety under Cheibriados
   114 | D        | Reached skill level 5 in Fighting
   114 | D        | Reached skill level 5 in Long Blades
   114 | D        | Reached XP level 3. HP: 39/39 MP: 3/3
   119 | D        | Entered arena 4.
   119 | D        | Noticed a smoke demon
   119 | D        | Noticed an orc sorcerer
   119 | D        | Noticed a sixfirhy
   119 | D        | Found a transporter.
   121 | D        | Killed a sixfirhy
   122 | D        | Reached XP level 4. HP: 21/60 MP: 4/4
   122 | D        | Reached XP level 5. HP: 24/67 MP: 5/5
   122 | D        | Reached XP level 6. HP: 26/74 MP: 6/6
   122 | D        | Reached XP level 7. HP: 29/81 MP: 7/7
   123 | D        | Killed a smoke demon
   123 | D        | Reached ***** piety under Cheibriados
   123 | D        | Killed an orc sorcerer
   124 | D        | Reached XP level 8. HP: 24/94 MP: 8/8
   355 | D        | Entered arena 5.
   355 | D        | Found a transporter.
   373 | D        | Entered arena 6.
   373 | D        | Noticed a red ugly thing
   373 | D        | Noticed a hornet
   373 | D        | Found a transporter.
   375 | D        | Killed a red ugly thing
   375 | D        | Reached ****** piety under Cheibriados
   376 | D        | Reached XP level 9. HP: 100/104 MP: 9/9
   381 | D        | a hornet changed into an eye of draining
   382 | D        | Noticed a hornet
   382 | D        | a naga changed into a hornet
   389 | D        | Killed a hornet
   434 | D        | Entered arena 7.
   435 | D        | Found a transporter.
   619 | D        | Entered arena 8.
   619 | D        | Noticed a two-headed ogre
   619 | D        | Noticed a two-headed ogre
   619 | D        | Noticed a troll
   619 | D        | Noticed a two-headed ogre
   619 | D        | Noticed a two-headed ogre
   619 | D        | Noticed a troll
   620 | D        | Found a transporter.
   624 | D        | Slain by a troll

Illustrated notes

Levels and vault maps discovered:
D:        sprint_v [room_start, room_1, room_2, room_3, room_4, room_5, room_6,
          room_7, room_8, room_9, room_10, room_11, room_12, room_13, room_14,
          room_15, room_16, room_17, room_18, room_19, room_20, room_21,
          room_22, room_23, room_24, room_25, room_26, room_27]

Skill      XL: |  1  2  3  4  5  6  7  8 |
---------------+-------------------------+-----
Fighting       | 4 5 11 13 14 | 14.7
Long Blades    | 4 5 11 13 14 | 14.7
Dodging        | |  2.4
Stealth        | |  3.0

Action                   |  1- 3 |  4- 6 |  7- 9 || total
-------------------------+-------+-------+-------++-------
Melee: Double sword      |    11 |       |    37 ||    48
Armor: Plate armour      |     5 |       |    28 ||    33
Dodge: Dodged            |       |       |     2 ||     2
Block: Kite shield       |    16 |       |    66 ||    82

Table legend: (Time is in decaauts)
 A = Elapsed time spent in this place.
 B = Non-inter-level travel time spent in this place.
 C = Inter-level travel time spent in this place.
 D = Time resting spent in this place.
 E = Time spent auto-exploring this place.
 F = Levels seen in this place.
 G = Mean time per level.
                   A        B        C        D        E       F      G
               +--------+--------+--------+--------+--------+-----+--------+
         Total |    721 |    721 |      0 |    448 |     29 |   1 |  721.0 |
       Dungeon |    721 |    721 |      0 |    448 |     29 |   1 |  721.0 |
               +--------+--------+--------+--------+--------+-----+--------+

Top non-repeatable levels by time:
       D: 721 daAuts
